 Dungeon Crawl Stone Soup version 0.18-a0-1285-g60d00e1 (webtiles) character file.

8905 Duffy the Geomancer (level 11, 56/56 HPs)
             Began as a Spriggan Earth Elementalist on Feb 8, 2016.
             Was an Initiate of Gozag.
             Quit the game on level 10 of the Dungeon.
             The game lasted 00:22:56 (17301 turns).

Duffy the Geomancer (Spriggan Earth Elementalist)  Turns: 17301, Time: 00:22:56

Health: 56/56      AC:  3    Str:  4    XL:     11   Next: 16%
Magic:  24/24      EV: 25    Int: 21    God:    Gozag
Gold:   1577       SH:  0    Dex: 16    Spells: 2 memorised, 23 levels left

rFire  + . .     SeeInvis +     b - 324 stones
rCold  . . .     Gourm    .     y - +0 robe
rNeg   + . .     Faith    .     (shield restricted)
rPois  .         Spirit   .     J - +1 hat
rElec  .         Dismiss  .     (no cloak)
rCorr  .         Reflect  .     (gloves unavailable)
SustAt .         Harm     .     (boots unavailable)
MR     +....                    (no amulet)
Stlth  ++++......               L - ring of positive energy
                                v - ring of protection from fire

@: very quick, somewhat resistant to hostile enchantments, stealthy
A: unfitting armour, see invisible, herbivore 3, speed 3, slow metabolism 2
a: Potion Petition, Call Merchant, Bribe Branch, Renounce Religion


You were on level 10 of the Dungeon.
You worshipped Gozag.
Gozag was noncommittal.
You were not hungry.

You visited 2 branches of the dungeon, and saw 11 of its levels.

You collected 2388 gold pieces.
You spent 135 gold pieces at shops.
You paid 676 gold pieces to Gozag.


Innate Abilities, Weirdness & Mutations

You are tiny and cannot use many weapons and most armour.
You have supernaturally acute eyesight.
You are a herbivore.
You cover ground extremely quickly.
You need consume almost no food.


   Skills:
 - Level 5.8 Fighting
 - Level 10.0 Dodging
 - Level 6.5 Stealth
 + Level 8.5 Spellcasting
 - Level 4.0 Conjurations
   Level 1.3 Transmutations
 - Level 10.4 Earth Magic


You had 23 spell levels left.
You knew the following spells:

 Your Spells              Type           Power        Failure   Level  Hunger
a - Sandblast             Erth           ######       1%          1    None
c - Stone Arrow           Conj/Erth      #####.       1%          3    None

Inventory:

Missiles
 b - 324 stones (in hand)
 t - 29 poisoned needles
 K - 3 throwing nets
Armour
 a - a +0 robe
 y - a +0 robe (worn)
 J - a +1 hat (worn)
Jewellery
 v - a ring of protection from fire (left hand)
 L - a ring of positive energy (right hand)
Wands
 r - a wand of confusion (25/48)
 u - a wand of flame (15/48)
 w - a wand of iceblast (9/15)
 A - a wand of digging (15/24)
 M - a wand of polymorph (14/24)
Scrolls
 f - 5 scrolls of remove curse
 g - 4 scrolls of amnesia {unknown}
 l - 2 scrolls of fear {unknown}
 m - 6 scrolls of enchant armour {unknown}
 p - 2 scrolls of enchant weapon {unknown}
 q - 2 scrolls of fog {unknown}
 C - 2 scrolls of teleportation {unknown}
 E - a scroll of vulnerability
 F - a scroll of magic mapping
 G - 2 scrolls of random uselessness {unknown}
Potions
 e - 2 potions of haste
 i - 7 potions of curing {unknown}
 j - 3 potions of might {unknown}
 n - a potion of brilliance {unknown}
 s - 5 potions of agility
 z - a potion of magic
Books
 c - a book of Geomancy
 k - a book of Alchemy
 D - a book of Battle
 N - a book of Ice
Comestibles
 d - 7 bread rations
 H - a slice of pizza

Dungeon Overview and Level Annotations

Branches:
Dungeon (10/15)            Temple (1/1) D:4            Lair (0/8) D:10
    Orc: D:9-12

Altars:
Ashenzari
Cheibriados
Dithmenos
Elyvilon
Fedhas
Gozag
Kikubaaqudgha
Makhleb
Nemelex Xobeh
Okawaru
Pakellas
Qazlal
Ru
Sif Muna
Trog
Vehumet
Xom
Yredelemnul
Zin
The Shining One
Beogh

Shops:
D:7 =[}*   D:10 *

Annotations:
D:10 exclusion: door


Message History

Identify which item? (\ to view known items) (? for menu, Esc to quit)
As you read the scroll of identify, it crumbles to dust.
s - 5 potions of agility Read which item? (? for menu, Esc to quit)
Identify which item? (\ to view known items) (? for menu, Esc to quit)
As you read the scroll of identify, it crumbles to dust.
e - 2 potions of haste Read which item? (? for menu, Esc to quit)
Identify which item? (\ to view known items) (? for menu, Esc to quit)
As you read the scroll of identify, it crumbles to dust.
o - 2 potions of degeneration Read which item? (? for menu, Esc to quit)
Identify which item? (\ to view known items) (? for menu, Esc to quit)
As you read the scroll of identify, it crumbles to dust.
z - a potion of magic Drop what? 39/52 slots (_ for help) (? for menu, Esc to quit)
You drop 2 potions of degeneration.
You drop a scroll of noise.
You drop 4 potions of lignification.
You drop 2 potions of mutation.
Read which item? (? for menu, Esc to quit)
Okay, then.
Okay, then. [a] 741 gold - Himefer's Food Shop [b] 529 gold - Pugimp's Antique Armour Shoppe [c] 578 gold - Pemneryba's General Store [d] 461 gold - Duprisha's Weapon Shoppe Fund which merchant? [a] 741 gold - Himefer's Food Shop [b] 529 gold - Pugimp's Antique Armour Shoppe [c] 578 gold - Pemneryba's General Store [d] 461 gold - Duprisha's Weapon Shoppe Fund which merchant?
Pemneryba invites you to visit its General Store.
Are you sure you want to abandon this character and quit the game? (Confirm with "yes".)

#...[...##...'.....# #........#
).......######.....# #........#
#####.### #####.## ##'#######
.###..#######.....#### #.....#
#........##..........# #####'###
.........##..........# ####......
#........##.....!....###..'......
.....................#...##......
#........#......@....#.####....<.
.........#<..........#.# #......
......[..##..........#.# #......
###########.....>....'.# #######
#..........### ############


There were no monsters in sight!

Action                   |  1- 3 |  4- 6 |  7- 9 | 10-12 || total
-------------------------+-------+-------+-------+-------++-------
 Cast: Sandblast         |    70 |   129 |   129 |   106 ||   434
       Stone Arrow       |       |       |   137 |   147 ||   284
Invok: Call Merchant     |       |       |       |     1 ||     1
  Use: Scroll            |       |       |       |    10 ||    10
  Eat: Bread ration      |       |     1 |       |     1 ||     2
       Royal jelly       |       |       |       |     1 ||     1
       Pizza             |       |       |       |     1 ||     1

Notes
Turn   | Place    | Note
--------------------------------------------------------------
     0 | D:1      | Duffy the Spriggan Earth Elementalist began the quest for the Orb.
     0 | D:1      | Reached XP level 1. HP: 9/9 MP: 5/5
   198 | D:2      | Reached skill level 3 in Spellcasting
   275 | D:2      | Reached skill level 3 in Earth Magic
   275 | D:2      | Reached XP level 2. HP: 10/13 MP: 0/7
   642 | D:2      | Found a deep blue altar of Sif Muna.
   646 | D:2      | Reached XP level 3. HP: 16/16 MP: 6/9
  1084 | D:3      | Reached skill level 4 in Spellcasting
  1172 | D:3      | Found a roughly hewn altar of Beogh.
  1525 | D:3      | Reached XP level 4. HP: 21/21 MP: 9/11
  1549 | D:3      | Reached skill level 4 in Earth Magic
  1850 | D:4      | Found a staircase to the Ecumenical Temple.
  1859 | Temple   | Entered the Ecumenical Temple
  1867 | Temple   | Became a worshipper of Gozag Ym Sagoz the Greedy
  1982 | D:4      | Noticed Grinder
  2024 | D:4      | Killed Grinder
  2024 | D:4      | Reached skill level 7 in Spellcasting
  2024 | D:4      | Reached XP level 5. HP: 24/24 MP: 3/15
  2024 | D:4      | Reached XP level 6. HP: 28/28 MP: 3/17
  2363 | D:1      | Learned a level 3 spell: Stone Arrow
  3065 | D:2      | Found a blossoming altar of Fedhas.
  4655 | D:4      | Reached XP level 7. HP: 29/32 MP: 13/19
  5014 | D:5      | Entered Level 5 of the Dungeon
  5034 | D:5      | Reached skill level 8 in Spellcasting
  5042 | D:5      | Reached skill level 5 in Earth Magic
  5298 | D:5      | Found a glowing golden altar of the Shining One.
  5331 | D:5      | Found a shattered altar of Ashenzari.
  5445 | D:5      | Found a stormy altar of Qazlal.
  5876 | D:5      | Reached skill level 1 in Conjurations
  6508 | D:6      | Noticed Prince Ribbit
  6527 | D:6      | Killed Prince Ribbit
  6527 | D:6      | Reached skill level 2 in Conjurations
  6527 | D:6      | Reached skill level 6 in Earth Magic
  6527 | D:6      | Reached XP level 8. HP: 36/36 MP: 17/21
  6757 | D:6      | Noticed Blork the orc
  6762 | D:6      | Killed Blork the orc
  7515 | D:5      | Reached skill level 3 in Conjurations
  8040 | D:6      | Reached skill level 7 in Earth Magic
  8272 | D:6      | Reached skill level 4 in Conjurations
  8653 | D:6      | Reached skill level 1 in Fighting
  9022 | D:7      | Reached XP level 9. HP: 34/42 MP: 6/22
  9345 | D:7      | Reached skill level 2 in Fighting
  9687 | D:7      | Found Nieptidgha's Gadget Shop.
  9693 | D:7      | Found Ronuups's Assorted Antiques.
  9701 | D:7      | Bought a ruby potion for 18 gold pieces
  9701 | D:7      | Bought a fizzy silvery potion for 18 gold pieces
  9701 | D:7      | Bought a scroll labeled LOEL YHYTTO for 21 gold pieces
  9701 | D:7      | Bought a scroll labeled TAARGH UWKIETRIGA for 21 gold pieces
  9701 | D:7      | Bought a ruby potion for 18 gold pieces
  9701 | D:7      | Bought a fuming brown potion for 18 gold pieces
  9701 | D:7      | Bought a scroll labeled BESMI MUNWAJYO for 21 gold pieces
  9764 | D:7      | Found a glowing silver altar of Zin.
  9853 | D:7      | Reached skill level 8 in Earth Magic
  9914 | D:7      | Noticed Duffy's ghost (novice DEFE)
  9928 | D:7      | Reached skill level 3 in Fighting
 10030 | D:7      | Killed Duffy's ghost
 10224 | D:7      | Found Hossecs's Jewellery Emporium.
 10517 | D:7      | Found Jyssoux's Antique Armour Boutique.
 10523 | D:7      | Reached skill level 9 in Earth Magic
 11333 | D:8      | Reached skill level 4 in Fighting
 11503 | D:7      | Noticed an orc knight
 11599 | D:8      | Noticed M4edhros's ghost (novice OpAr)
 11827 | D:8      | Killed M4edhros's ghost
 11827 | D:8      | Reached XP level 10. HP: 26/51 MP: 1/23
 12049 | D:8      | Reached skill level 5 in Fighting
 12471 | D:8      | Reached skill level 10 in Earth Magic
 14161 | D:9      | Reached skill level 4 in Dodging
 14356 | D:9      | Reached skill level 5 in Dodging
 14380 | D:9      | Found a shadowy altar of Dithmenos.
 14380 | D:9      | Found a sparkling altar of Nemelex Xobeh.
 14799 | D:9      | Reached skill level 6 in Dodging
 14829 | D:9      | Reached skill level 7 in Dodging
 15009 | D:9      | Reached skill level 8 in Dodging
 15161 | D:9      | Found a sparkling altar of Nemelex Xobeh.
 15210 | D:9      | Lost strength.
 15554 | D:9      | Noticed Joseph
 15569 | D:9      | Killed Joseph
 15569 | D:9      | Reached skill level 9 in Dodging
 15882 | D:10     | Entered Level 10 of the Dungeon
 15904 | D:10     | Found a shadowy altar of Dithmenos.
 15928 | D:10     | Reached skill level 10 in Dodging
 15928 | D:10     | Reached XP level 11. HP: 35/56 MP: 2/24
 16360 | D:10     | Reached skill level 4 in Stealth
 16440 | D:10     | Found a staircase to the Lair.
 16534 | D:10     | Reached skill level 5 in Stealth
 16903 | D:10     | Reached skill level 6 in Stealth
 17301 | D:10     | Quit the game

Vault maps used:
D:1:      minmay_arrival_five_plusses
D:2:      marbit_many_paths, overflow_temple_1_default, first_bread,
          grunt_decor_arrowhead, minmay_bisected
D:3:      kennysheep_orc_chapel
D:4:      minmay_temple_entry_mist, minmay_distorted, uniq_grinder
D:5:      overflow_temple_1_default, evilmike_ruin_ashenzari, old_standard_altar
D:6:      uniq_blork_the_orc, uniq_prince_ribbit1
D:7:      minmay_klotski, kennysheep_little_box, serial_shops, shop, shop,
          nicolae_shop_crystal, shop, minmay_misc_feat_iff, kennysheep_doodads
D:8:      grunt_ogre_cave
D:9:      gammafunk_temple_overflow_elements, basic_altar, uniq_joseph
D:10:     minmay_lair_entry_lava, special_room, st_stairs_4,
          grunt_dithmenos_smoke
Temple:   circular_temple_12

Vanquished Creatures
  The ghost of M4edhros the Covert, a novice OpAr
  The ghost of Duffy the Arsonist, a novice DEFE of Cheibriados Joseph
  A fire drake Grinder
  2 two-headed ogres Prince Ribbit
  A wyvern
  A steam dragon
  A hippogriff
  4 hungry ghosts
  4 sky beasts
  A black bear
  3 orc warriors
  A wasp
  An ice beast
  A necrophage
  2 ogres
  4 centaurs
  2 big kobolds Blork the orc
  6 giant frogs
  2 gnoll sergeants
  3 jellies
  A scorpion
  21 killer bees
  11 wights
  6 crimson imps
  A lava snake
  A centaur zombie
  7 orc wizards
  2 giant frog skeletons
  7 orc priests
  A gnoll shaman
  8 hounds
  A centaur skeleton
  5 iguanas
  12 worker ants
  A hound zombie
  A hound skeleton
  12 gnolls
  16 adders
  An adder skeleton
  2 worms
  4 giant geckos
  37 orcs
  2 ball pythons
  11 bats
  5 giant cockroaches
  6 goblins
  9 hobgoblins
  15 jackals
  2 quokkas
  A giant gecko skeleton
  5 giant newts
  20 kobolds
  13 rats
  8 bushes
301 creatures vanquished.
